 Dungeon Crawl Stone Soup version 0.16.1-51-g6203257 (webtiles) character file.

151 hannobal the Conjurer (level 5, -2/35 HPs)
             Began as a Mummy Fire Elementalist on July 16, 2015.
             Killed from afar by Edmund (4 damage)
             ... with a wand of flame
             ... on level 4 of the Dungeon.
             The game lasted 00:11:25 (3895 turns).

hannobal the Conjurer (Mummy Fire Elementalist)     Turns: 3895, Time: 00:11:25

Health: -2/35      AC:  6    Str: 11    XL:     5   Next: 10%
Magic:  1/9        EV: 12    Int: 15    God:
Gold:   111        SH:  0    Dex: 12    Spells: 3 memorised, 2 levels left

rFire  . . .     SeeInvis .     a - +1 war axe (drain)
rCold  . . .     Clarity  .     c - +0 robe
rNeg   + + +     SustAb   .     (no shield)
rPois  ∞         Gourm    .     q - +1 hat
rElec  .         Spirit   .     (no cloak)
rCorr  .         Warding  .     e - +1 pair of gloves
rMut   .         Rnd*Tele +     h - +0 pair of boots
MR     .....                    (no amulet)
Stlth  ++........               t - ring of fire
                                l - ring of teleportation (curse)

@: not resistant to hostile enchantments, unstealthy
A: no food or potions, fire vulnerability, restore body, cold resistance 1,
negative energy resistance 3, poison resistance, torment resistance, unbreathing
a: Evoke Teleportation


You were on level 4 of the Dungeon.
You were not hungry.

You visited 1 branch of the dungeon, and saw 4 of its levels.

You collected 111 gold pieces.

Inventory:

Hand weapons
 a - a +1 war axe of draining (weapon)
 d - a +1 dagger
 f - a +0 whip
 n - a +0 mace
Missiles
 g - 95 stones (quivered)
 k - 71 arrows
 m - 8 poisoned needles
Armour
 c - a +0 robe (worn)
 e - a +1 pair of gloves (worn)
 h - a +0 pair of boots (worn)
 i - a +0 leather armour
 o - a +0 scale mail
 p - a +2 shield
 q - a +1 hat (worn)
 s - a +0 large shield
Jewellery
 l - a cursed ring of teleportation (left hand)
 t - a ring of fire (right hand)
Magical devices
 r - a wand of fire (7)
Scrolls
 j - 5 scrolls of identify
Books
 b - a book of Flames

   Spells                             Type                      Level
   a - Flame Tongue                   Conjuration/Fire             1
   b - Throw Flame                    Conjuration/Fire             2
   c - Conjure Flame                  Conjuration/Fire             3
   d - Inner Flame                    Hexes/Fire                   3
   e - Sticky Flame                   Conjuration/Fire             4
   f - Fireball                       Conjuration/Fire             5


   Skills:
 - Level 1.5 Dodging
 - Level 1.5 Stealth
 - Level 2.0 Spellcasting
 + Level 3.7 Conjurations
 - Level 3.0 Fire Magic


You had 2 spell levels left.
You knew the following spells:

 Your Spells              Type           Power        Failure   Level  Hunger
c - Conjure Flame         Conj/Fire      ###.....     21%         3    N/A
t - Throw Flame           Conj/Fire      ###...       12%         2    N/A
z - Flame Tongue          Conj/Fire      ###..        8%          1    N/A

Dungeon Overview and Level Annotations

Branches:
Dungeon (4/15)
 Temple: D:4-7

Altars:
Dithmenos
Makhleb
Sif Muna

Annotations:
D:4 Edmund


Innate Abilities, Weirdness & Mutations

You do not eat or drink.
Your flesh is vulnerable to fire.
Your flesh is cold resistant.
You are immune to negative energy.
Your system is resistant to poisons.
You are immune to unholy pain and torment.
You can survive without breathing.


Message History

Confirm with . or Enter, or press ? or * to list all spells.
Aiming: Flame Tongue
Press: ? - help, Shift-Dir - straight line, f/p - Edmund
Aim: Edmund, wielding a flail of protection, wearing a ring mail and carrying a wand of flame {zapped: 2} (lightly wounded)
You feel a surge of power!
The flame tongue hits Edmund.
Edmund is moderately wounded.
Edmund hits you with a flail of protection.
Edmund zaps a wand.
The puff of flame hits you!
* * * LOW HITPOINT WARNING * * *
You are too injured to fight recklessly!
Edmund zaps a wand.
The puff of flame hits you!
* * * LOW HITPOINT WARNING * * *
You can't drink.
Casting: Flame Tongue
Confirm with . or Enter, or press ? or * to list all spells.
Aiming: Conjure Flame
Press: ? - help, Dir - move target cursor, p - Edmund You feel a surge of power!
The fire roars!
Edmund zaps a wand.
The puff of flame hits you!
You die...

#. #. #. ###.
## ... .. #@##
.### #..### ..#
#..§.# . #.#
#.##@###.## #(#
#.##..##..#
#<###.###..#..
#......###.#.#
#...<....#.#.##
#........#....#
###....###....#
###### ##...#
#...#


You could see Edmund.

Vanquished Creatures
  6 adders
  2 giant mites
  2 worms
  5 giant geckos
  11 bats
  A bat skeleton (D:3)
  2 giant cockroaches (D:2)
  5 goblins
  11 hobgoblins
  A ball python (D:1)
  12 giant newts
  9 kobolds
  6 rats
73 creatures vanquished.

Notes
Turn   | Place    | Note
--------------------------------------------------------------
     0 | D:1      | hannobal, the Mummy Fire Elementalist, began the quest for the Orb.
     0 | D:1      | Reached XP level 1. HP: 13/13 MP: 3/3
    36 | D:1      | Reached skill level 1 in Conjurations
   276 | D:1      | Reached XP level 2. HP: 16/19 MP: 0/4
   764 | D:1      | Reached XP level 3. HP: 24/24 MP: 0/6
  1020 | D:1      | Learned a level 2 spell: Throw Flame
  1024 | D:1      | Learned a level 3 spell: Conjure Flame
  1320 | D:2      | Found a burning altar of Makhleb.
  1501 | D:1      | Reached skill level 3 in Conjurations
  1575 | D:2      | Reached XP level 4. HP: 30/30 MP: 0/7
  1889 | D:2      | Found a deep blue altar of Sif Muna.
  3125 | D:3      | Reached XP level 5. HP: 35/35 MP: 1/9
  3811 | D:3      | Found a shadowy altar of Dithmenos.
  3888 | D:4      | Noticed Edmund
  3895 | D:4      | Killed from afar by Edmund

Action                   |  1- 3 |  4- 6 || total
-------------------------+-------+-------++-------
Melee: Whip              |    11 |       ||    11
       Mace              |     4 |    16 ||    20
       War axe           |       |     2 ||     2
Throw: Stone             |     4 |       ||     4
 Cast: Flame Tongue      |    67 |    90 ||   157
       Conjure Flame     |       |     1 ||     1
  Use: Scroll            |     3 |     1 ||     4
